 Dungeon Crawl Stone Soup version 0.18-a0-596-g6468885 (webtiles) character file.

667 M4edhros the Sneak (level 7, 0/43 HPs)
             Began as an Octopode Artificer on Dec 3, 2015.
             Slain by an orc
             ... wielding a +0 club
              (6 damage)
             ... on level 4 of the Dungeon.
             The game lasted 00:03:49 (3122 turns).

M4edhros the Sneak (Octopode Artificer)             Turns: 3122, Time: 00:03:50

Health: 0/43       AC:  1    Str: 10    XL:     7   Next: 57%
Magic:  11/11      EV: 13    Int: 16    God:
Gold:   161        SH:  0    Dex: 13    Spells: 0 memorised, 6 levels left

rFire  . . .     SeeInvis .     p - +3 rapier
rCold  . . .     Clarity  .     (no shield)
rNeg   . . .     SustAt   .     (helmet restricted)
rPois  .         Gourm    .     n - amulet of resist corrosion
rElec  .         Spirit   .     (no ring)
rCorr  +         Dismiss  .     (no ring)
rMut   .         Stasis   .     (no ring)
MR     .....                    (no ring)
Stlth  +++++.....               (no ring)
                                (no ring)
                                (no ring)
                                (no ring)

@: not resistant to hostile enchantments, quite stealthy
A: almost no armour, amphibious, 8 rings, constrict 8, camouflage 1, gelatinous
body 1
a: no special abilities


You were on level 4 of the Dungeon.
You were not hungry.

You visited 1 branch of the dungeon, and saw 5 of its levels.

You collected 185 gold pieces.
You spent 24 gold pieces at shops.

Inventory:

Hand Weapons
 a - a +0 short sword
 i - a +0 hunting sling
 p - a +3 rapier (weapon)
Missiles
 j - 115 stones (quivered)
 r - 11 steel sling bullets
 s - 19 sling bullets
Jewellery
 n - an amulet of resist corrosion (around mantle)
Wands
 b - a wand of flame (14)
 c - a wand of enslavement (15)
 d - a wand of random effects (14)
Scrolls
 m - a scroll of fog
 q - a scroll of enchant weapon
 w - a scroll of noise
 x - a scroll of magic mapping {unknown}
 y - 2 scrolls of identify
 z - 2 scrolls of teleportation {unknown}
 B - 2 scrolls of remove curse {unknown}
Potions
 f - a potion of ambrosia {unknown}
 l - 3 potions of curing {unknown}
 o - 2 potions of heal wounds {unknown}
 v - 2 potions of mutation {unknown}
Books
 h - a book of Debilitation

   Spells                             Type                      Level
   a - Corona                         Hexes                        1
   b - Slow                           Hexes                        2
   c - Gell's Gravitas                Hexes/Translocation          3
   d - Inner Flame                    Hexes/Fire                   3
   e - Cause Fear                     Hexes                        4
   f - Leda's Liquefaction            Hexes/Earth                  4
 C - a book of Frost

   Spells                             Type                      Level
   a - Freeze                         Ice                          1
   b - Throw Frost                    Conjuration/Ice              2
   c - Ozocubu's Armour               Charms/Ice                   3
   d - Throw Icicle                   Conjuration/Ice              4
   e - Summon Ice Beast               Ice/Summoning                4
   f - Condensation Shield            Ice                          4
Comestibles
 e - 3 bread rations
 g - 3 slices of pizza
 k - 4 fruits
 t - a royal jelly
 u - a meat ration
 A - a chunk of flesh


   Skills:
 - Level 1.0 Fighting
 - Level 1.0 Short Blades
 + Level 3.2 Slings
 + Level 3.8 Dodging
 + Level 6.5 Stealth
 + Level 5.8 Evocations


You had 6 spell levels left.
You didn't know any spells.

Dungeon Overview and Level Annotations

Branches:
Dungeon (5/15)
 Temple: D:4-7

Altars:
Kikubaaqudgha
Nemelex Xobeh
Okawaru
Qazlal

Shops:
D:5 *


Innate Abilities, Weirdness & Mutations

You cannot wear most types of armour.
You are amphibious.
You can wear up to eight rings at the same time.
You can use your tentacles to constrict eight enemies at once.
Your skin changes colour to match your surroundings (Stealth).
Your rubbery body absorbs attacks (AC +1).


Message History

The orc priest is almost dead.
You constrict the orc priest.
You kill the orc priest!
The orc shouts!
You hit the orc. You grab the orc. You squeeze the orc.
You kill the orc!
The centaur skeleton misses you.
Items here: )) [ †† a short sword; a ring mail; a short sword; an orc corpse; an orc corpse You puncture the centaur skeleton!
The centaur skeleton hits you. The centaur skeleton hits you.
You hit the centaur skeleton.
The centaur skeleton closely misses you.
You hit the centaur skeleton. The centaur skeleton hits you.
The centaur skeleton hits you.
You hit the centaur skeleton. You squeeze the centaur skeleton!
The centaur skeleton hits you!
* * * LOW HITPOINT WARNING * * *
The orc hits you with a club.
You die...

......## #. # ###..............
.....######.## ###..............
.............####................
.......(.....##...###..........(.
.............##..................
.................................
.................................
...............Zo................
.......o!....###@..............<.
####........># #.................
#.........# #......>..........
#.........# #.................
########### #..............###
#..............###
##########........ #.....###
#.....#


You could see an orc and a centaur skeleton.

Vanquished Creatures
  Sigmund (D:3)
  A water moccasin (D:5)
  An ogre (D:4)
  A centaur (D:5)
  A scorpion (D:5)
  A hound (D:4)
  An orc priest (D:4)
  6 adders
  A shadow imp (D:5)
  A worm (D:2)
  An adder skeleton (D:4)
  8 orcs (D:4)
  8 hobgoblins
  8 jackals
  7 bats
  2 giant cockroaches
  7 giant geckos
  A giant gecko zombie (D:3)
  3 giant newts
  4 goblins
  6 kobolds
  10 rats
80 creatures vanquished.

Notes
Turn   | Place    | Note
--------------------------------------------------------------
     0 | D:1      | M4edhros the Octopode Artificer began the quest for the Orb.
     0 | D:1      | Reached XP level 1. HP: 13/13 MP: 3/3
    89 | D:1      | Reached XP level 2. HP: 12/18 MP: 4/4
   806 | D:2      | Reached skill level 4 in Evocations
   823 | D:2      | Reached XP level 3. HP: 17/23 MP: 6/6
  1278 | D:2      | Reached XP level 4. HP: 25/28 MP: 7/7
  1474 | D:2      | Found an iron altar of Okawaru.
  1678 | D:3      | Noticed Sigmund
  1873 | D:3      | Killed Sigmund
  1873 | D:3      | Reached skill level 5 in Stealth
  1873 | D:3      | Reached skill level 5 in Evocations
  1873 | D:3      | Reached XP level 5. HP: 33/33 MP: 8/8
  1873 | D:3      | Reached XP level 6. HP: 38/38 MP: 9/9
  2029 | D:4      | Found a stormy altar of Qazlal.
  2081 | D:5      | Entered Level 5 of the Dungeon
  2096 | D:5      | Found Mussi's General Store.
  2109 | D:5      | Bought a scroll of identify for 24 gold pieces
  2123 | D:5      | Noticed a water moccasin
  2128 | D:5      | Killed a water moccasin
  2128 | D:5      | Reached XP level 7. HP: 32/43 MP: 11/11
  2321 | D:5      | Reached skill level 6 in Stealth
  2867 | D:4      | Found an ancient bone altar of Kikubaaqudgha.
  2868 | D:4      | Found a sparkling altar of Nemelex Xobeh.
  3122 | D:4      | Slain by an orc

Vault maps used:
D:1:      minmay_arrival_cross, minmay_close_crescents
D:2:      lemuel_round_altar
D:3:      first_bread, serial_bayou_lagoon_a, uniq_sigmund
D:4:      gammafunk_temple_overflow_pools, nicolae_overflow_hidden_temple,
          glass_columns_b
D:5:      serial_shops, nicolae_shop_competitors_out_of_business,
          kennysheep_generic_room_9

Action                   |  1- 3 |  4- 6 |  7- 9 || total
-------------------------+-------+-------+-------++-------
Melee: Short sword       |    70 |       |       ||    70
       Rapier            |     4 |    60 |    36 ||   100
Evoke: Wand              |       |     2 |       ||     2
  Use: Scroll            |       |     3 |       ||     3
 Stab: Sleeping          |    10 |     7 |     3 ||    20
  Eat: Chunk             |       |     4 |     3 ||     7
